 Dungeon Crawl Stone Soup version 0.24.0-41-g2ae2f7f1be (webtiles) character file.

Game seed: 8369014395694998098, levelgen mode: deterministic

74095 Iamsoldier the Fighter (level 15, -17/100 HPs)
             Began as a Gargoyle Fighter on Dec 11, 2019.
             Was a High Priest of Okawaru.
             Killed from afar by a frost giant (41 damage)
             ... with a bolt of cold
             ... in an ice cave.
             The game lasted 00:38:33 (22504 turns).

Iamsoldier the Fighter (Gargoyle Fighter)          Turns: 22504, Time: 00:38:34

Health: -17/100    AC: 37    Str: 25    XL:     15   Next: 45%
Magic:  14/21      EV: 11    Int: 10    God:    Okawaru [*****.]
Gold:   214        SH: 15    Dex: 12    Spells: 14/14 levels left

rFire    + + +     SeeInvis +   A - +3 eveningstar "Bargh" {freeze, rF++ SInv}
rCold    . . .     Gourm    .   c - +0 shield
rNeg     + + +     Faith    .   K - +2 chain mail {MR+}
rPois    ∞         Spirit   .   B - +2 helmet
rElec    +         Reflect  .   j - +2 cloak
rCorr    .         Harm     .   v - +0 pair of gloves
MR       ++...                  Q - -1 pair of boots "Rausoax" {Slay+3} (curse)
Stlth    ..........             b - amulet of regeneration
HPRegen  0.66/turn              H - ring "Ukkeumawk" {Fire rN++ Dex+3}
MPRegen  0.17/turn              E - ring of protection from cold

@: heroism, finesse, flying
A: big wings, negative energy resistance 1, electricity resistance, unbreathing,
petrification resistance, rot immunity, AC +11
a: Stop Flying, Heroism, Finesse, Renounce Religion


You were in an ice cave.
You worshipped Okawaru.
Okawaru was extremely pleased with you.
You were hungry.

You visited 4 branches of the dungeon, and saw 22 of its levels.
You also visited: Gauntlet and Ice Cave.

You collected 1927 gold pieces.
You spent 1713 gold pieces at shops.

Inventory:

Hand Weapons
 s - a +0 flail
 A - the +3 eveningstar "Bargh" (weapon) {freeze, rF++ SInv}
   (Okawaru gifted it to you in a Gauntlet)

   It has been specially enchanted to freeze those struck by it, causing extra
   injury to most foes and up to half again as much damage against particularly
   susceptible opponents.
   It can also slow down cold-blooded creatures.
   It greatly protects you from fire.
   It lets you see invisible.
 D - a +7 flail of draining
Armour
 c - a +0 shield (worn)
 j - a +2 cloak (worn)
 v - a +0 pair of gloves (worn)
 B - a +2 helmet (worn)
 K - a +2 chain mail of magic resistance (worn)
 Q - the cursed -1 pair of boots "Rausoax" (worn) {Slay+3}
   (You bought it in a shop on level 2 of the Orcish Mines)

   It affects your accuracy and damage with ranged weapons and melee attacks
   (+3).
   It has a curse placed upon it.
 S - the +0 pair of boots of Subjectivity {rF+ Regen+ Int+4}
   (Okawaru gifted it to you on level 2 of the Orcish Mines)

   It affects your intelligence (+4).
   It protects you from fire.
   It increases your rate of regeneration.
Jewellery
 b - an amulet of regeneration (around neck)
 t - the ring "Joiq" {Fire rElec rN+++ Int-5 Dex-5}
   (You found it in a Gauntlet)

   [ring of fire]

   It enhances your fire magic.
   It affects your intelligence (-5).
   It affects your dexterity (-5).
   It protects you from fire.
   It makes you vulnerable to cold.
   It insulates you from electricity.
   It renders you almost immune to negative energy.
 E - a ring of protection from cold (right hand)
 G - the ring "Qufuqoic" {Fire -Tele rN+++ Dex+5 Stlth-}
   (You found it in a Gauntlet)

   [ring of fire]

   It enhances your fire magic.
   It affects your dexterity (+5).
   It protects you from fire.
   It makes you vulnerable to cold.
   It renders you almost immune to negative energy.
   It prevents most forms of teleportation.
   It makes you less stealthy.
 H - the ring "Ukkeumawk" (left hand) {Fire rN++ Dex+3}
   (You found it on level 8 of the Dungeon)

   [ring of fire]

   It enhances your fire magic.
   It affects your dexterity (+3).
   It protects you from fire.
   It makes you vulnerable to cold.
   It greatly protects you from negative energy.
 M - an uncursed ring of protection from fire
 O - an uncursed ring of flight {unknown}
Wands
 g - a wand of digging (5)
 x - a wand of paralysis (12)
 y - a wand of random effects (23)
 C - a wand of iceblast (29)
 I - a wand of flame (33)
Scrolls
 e - 5 scrolls of amnesia
 n - 6 scrolls of remove curse
 o - a scroll of enchant armour
 q - a scroll of silence
 r - 4 scrolls of identify
 w - a scroll of blinking
 J - 2 scrolls of teleportation
 L - 4 scrolls of fear
Potions
 a - a potion of invisibility {unknown}
 f - 5 potions of might
 h - a potion of cancellation {unknown}
 i - 6 potions of flight
 k - 7 potions of curing
 l - 4 potions of heal wounds
 m - 5 potions of agility
 p - 5 potions of lignification
 u - 6 potions of haste
 z - 4 potions of mutation
 F - 2 potions of resistance
 N - a potion of degeneration {unknown}
Comestibles
 d - 32 rations
 P - 35 chunks of flesh


   Skills:
 + Level 14.2(19.2) Fighting
 - Level 14.0(19.0) Maces & Flails
 + Level 12.9(17.9) Armour
 + Level 13.0(18.0) Shields
 - Level 8.0 Invocations
 + Level 6.1 Evocations


You had 14 spell levels left.
You didn't know any spells.
Your spell library contained the following spells:

 Spells                   Type           Power        Failure   Level  Hunger
 Animate Skeleton         Necr           N/A          78%         1    ##.....
 Flame Tongue             Conj/Fire      #....        78%         1    ##.....
 Magic Dart               Conj           #...         78%         1    ##.....
 Pain                     Necr           #...         78%         1    ##.....
 Summon Small Mammal      Summ           #...         78%         1    ##.....
 Blink                    Tloc           N/A          89%         2    ###....
 Call Imp                 Summ           #.......     89%         2    ###....
 Slow                     Hex            #.......     89%         2    ###....
 Throw Flame              Conj/Fire      #.....       89%         2    ###....
 Call Canine Familiar     Summ           #.......     98%         3    ####...
 Conjure Flame            Conj/Fire      #.......     98%         3    ####...
 Inner Flame              Hex/Fire       #.......     98%         3    ####...
 Mephitic Cloud           Conj/Pois/Air  #.......     98%         3    ####...
 Regeneration             Chrm/Necr      #.........   98%         3    ####...
 Summon Guardian Golem    Hex/Summ       #.......     98%         3    ####...
 Vampiric Draining        Necr           #.........   98%         3    ####...
 Animate Dead             Necr           N/A          100%        4    #####..
 Sticky Flame             Conj/Fire      #.......     100%        4    #####..
 Summon Ice Beast         Ice/Summ       #.......     100%        4    #####..
 Summon Lightning Spire   Summ/Air       #.......     100%        4    #####..
 Fireball                 Conj/Fire      #.........   100%        5    ######.


Dungeon Overview and Level Annotations

Branches:
Dungeon (13/15)            Temple (1/1) D:5            Lair (6/6) D:9
 Shoals (0/4) Lair:3       Spider (0/4) Lair:4        Slime (0/5) Lair:5
    Orc (2/2) D:10            Elf (0/3) Orc:2         IceCv (1/1)
Gauntlet (visited)
 Vaults: D:13-14

Altars:
Ashenzari
Cheibriados
Dithmenos
Elyvilon
Fedhas
Gozag
Hepliaklqana
Kikubaaqudgha
Makhleb
Nemelex Xobeh
Okawaru
Qazlal
Ru
Sif Muna
Trog
Uskayaw
Vehumet
Wu Jian
Xom
Yredelemnul
Zin
The Shining One
Beogh

Shops:
D:7 :*   D:9 (   D:11 =   Orc:2 !***

Annotations:
D:3 1 runed translucent door, grindst0ne's ghost, amateur GnWn


Innate Abilities, Weirdness & Mutations

You are resistant to torment.
Your stone body is resilient. (AC +11)
You are immune to poison.
Your large and strong wings let you fly indefinitely.
You resist negative energy. (rN+)
You are resistant to electric shocks. (rElec)
You can survive without breathing.
You are immune to petrification.
You are immune to rotting.


Message History

You are too injured to fight recklessly!
You are too injured to fight recklessly!
You are too injured to fight recklessly!
You are too injured to fight recklessly!
You are too injured to fight recklessly!
You are too injured to fight recklessly!
You are too injured to fight recklessly!
You are too injured to fight recklessly!
You are too injured to fight recklessly!
You gain the combat prowess of a mighty hero.
The frost giant hits you with a +2 battleaxe of freezing.
* * * LOW HITPOINT WARNING * * *
The frost giant freezes you.
* * * LOW HITPOINT WARNING * * *
You block the rime drake's attack.
You can now deal lightning-fast blows.
You block the rime drake's attack.
The frost giant gestures at you while chanting.
The bolt of cold hits you!!!
You die...

##########
#######...##.@C#
#..#...##...##khY# ###
#..##########hh..#
≈.#####..##≈≈≈≈≈≈##.....
#≈..##..##≈≈≈≈≈≈≈≈##....
≈##...###≈≈≈≈≈≈≈### ..##
≈≈#####≈≈≈≈≈≈#### ##
≈#≈≈#≈≈≈###### ≈≈≈≈≈≈≈##


You could see a frost giant, 3 polar bears, a yak and a rime drake.

Vanquished Creatures
  An orc warlord (Orc:2)
  A reaper (Gauntlet)
  A minotaur (Gauntlet)
  Josephine (Orc:2)
  Erolcha (D:10)
  A fire dragon (Lair:6)
  3 hydras
  Harold (D:7)
  5 two-headed ogres
  Erica (D:10)
  2 death yaks (Lair:3)
  Urug (Lair:5)
  5 orc high priests (Orc:2)
  A fire crab (Lair:3)
  A sixfirhy (Gauntlet)
  A lindwurm (Lair:6)
  Pikel (D:7)
  4 orc knights
  The ghost of ThereIsNoGod the Slicer, a novice VSAs of Uskayaw (D:8)
  A deep elf mage (D:13)
  A necromancer (Lair:5)
  A cyclops (D:11)
  An ugly thing (D:13)
  2 manticores
  4 orc sorcerers (Orc:2)
  An elephant (Lair:2)
  8 black mambas
  Maurice (D:9)
  An ice statue (IceCv)
  A torpor snail (Lair:3)
  3 molten gargoyles (Lair:6)
  15 spiny frogs
  3 rime drakes
  13 komodo dragons
  A hellwing (Gauntlet)
  2 ice devils (D:13)
  7 trolls
  2 merfolk
  13 polar bears (IceCv)
  3 hippogriffs
  8 blink frogs
  7 slime creatures (D:12)
  2 redbacks (Lair:4)
  5 wraiths (Orc:2)
  2 water elementals (D:11)
  3 wyverns
  33 yaks
  6 basilisks
  2 steam dragons
  A hungry ghost (D:10)
  4 wargs
  12 water moccasins
  2 swamp worms (Gauntlet)
  A hornet zombie (D:12)
  4 hell hounds (Lair:6)
  8 porcupines
  40 orc warriors
  2 black bears
  3 phantoms
  An eye of draining (D:10)
  4 ice beasts
  3 sky beasts
  A slave (D:7)
  14 ogres
  2 elephant zombies (Lair:5)
  13 centaurs
  24 wolves
  11 crocodiles
  12 bullfrogs
  6 big kobolds
  A gnoll sergeant (D:8)
  A wyvern zombie (D:12)
  6 scorpions
  2 troll zombies (D:10)
  8 wights
  8 electric eels
  3 howler monkeys (D:8)
  A quasit (D:13)
  3 crimson imps (D:5)
  5 lava snakes (Lair:6)
  3 jellies
  8 centaur skeletons
  25 orc priests
  10 hounds
  17 orc wizards
  3 bullfrog skeletons
  Jessica (D:3)
  Ijyb (D:3)
  5 iguanas
  Natasha (thrice) (D:4)
  10 worker ants
  4 ogre zombies (D:10)
  2 bullfrog simulacra (D:8)
  2 crocodile zombies (Lair:5)
  A hound skeleton (D:11)
  14 adders
  12 gnolls
  4 shadow imps
  4 white imps (D:8)
  2 ufetubi (Gauntlet)
  4 oozes
  An adder zombie (D:5)
  3 worms
  2 dart slugs
  An adder simulacrum (D:8)
  A leopard gecko (D:2)
  101 orcs
  6 bats
  6 giant cockroaches
  6 goblins
  6 hobgoblins
  9 jackals
  3 quokkas
  4 frilled lizards
  A goblin skeleton (D:8)
  A goblin zombie (D:10)
  A hobgoblin skeleton (D:10)
  3 hobgoblin zombies (D:8)
  34 kobolds
  2 kobold skeletons (D:8)
  2 kobold zombies (D:8)
  4 orc skeletons
  14 orc zombies
  2 quokka skeletons (D:6)
  5 rats
  2 plants
746 creatures vanquished.

Vanquished Creatures (collateral kills)
  An iguana (D:13)
1 creature vanquished.

Vanquished Creatures (others)
  An orc priest (Orc:2)
  An orc (Orc:2)
  An orc zombie (D:10)
  A fungus (Lair:4)
4 creatures vanquished.

Grand Total: 751 creatures vanquished

Notes
Turn   | Place    | Note
-------+----------+-------------------------------------------
     0 | D:1      | Iamsoldier the Gargoyle Fighter began the quest for the
                  | Orb.
     0 | D:1      | Reached XP level 1. HP: 14/14 MP: 1/1
   130 | D:1      | Reached XP level 2. HP: 14/19 MP: 2/2
   441 | D:1      | Reached XP level 3. HP: 19/24 MP: 3/3
  1368 | D:2      | Reached XP level 4. HP: 29/29 MP: 4/4
  2084 | D:3      | Noticed Ijyb
  2096 | D:3      | Killed Ijyb
  2096 | D:3      | Reached XP level 5. HP: 4/34 MP: 5/5
  2368 | D:3      | Noticed Jessica
  2386 | D:3      | Killed Jessica
  2697 | D:3      | Found a runed translucent door.
  3080 | D:3      | Reached XP level 6. HP: 40/40 MP: 6/6
  3235 | D:3      | Noticed grindst0ne's ghost (amateur GnWn)
  3351 | D:4      | Reached skill level 5 in Fighting
  3632 | D:4      | Noticed Natasha
  3646 | D:4      | Killed Natasha
  3738 | D:4      | Noticed Natasha
  3755 | D:4      | Killed Natasha
  3785 | D:4      | Noticed Natasha
  3791 | D:4      | Killed Natasha
  4009 | D:5      | Entered Level 5 of the Dungeon
  4077 | D:5      | Reached XP level 7. HP: 24/44 MP: 7/7
  4345 | D:5      | Reached skill level 5 in Maces & Flails
  4400 | D:5      | Found a staircase to the Ecumenical Temple.
  4413 | Temple   | Entered the Ecumenical Temple
  4548 | Temple   | Became a worshipper of Warmaster Okawaru
  4614 | D:5      | Reached skill level 5 in Shields
  4665 | D:5      | Reached skill level 5 in Armour
  4832 | D:5      | Reached XP level 8. HP: 51/52 MP: 8/8
  5073 | D:6      | Found a stormy altar of Qazlal.
  5084 | D:6      | Reached * piety under Okawaru
  5108 | D:6      | Found a bloodstained altar of Trog.
  5765 | D:7      | Noticed a hippogriff
  5787 | D:7      | Killed a hippogriff
  6051 | D:7      | Found Gozag's Platinum Reserve.
  6405 | D:7      | Reached XP level 9. HP: 58/58 MP: 9/9
  6640 | D:7      | Found an opulent altar of Gozag.
  6703 | D:7      | Noticed Harold
  6726 | D:7      | Killed Harold
  6726 | D:7      | Reached ** piety under Okawaru
  6771 | D:7      | Reached *** piety under Okawaru
  6944 | D:7      | Found Fuem Vya's Book Shop.
  7123 | D:7      | Noticed Pikel
  7137 | D:7      | Killed Pikel
  7304 | D:8      | Reached XP level 10. HP: 59/66 MP: 10/10
  7407 | D:8      | Noticed a manticore
  7428 | D:8      | Killed a manticore
  7534 | D:8      | Reached **** piety under Okawaru
  7774 | D:8      | Noticed ThereIsNoGod's ghost (novice VSAs)
  7795 | D:8      | Found a runed translucent gate.
  7795 | D:8      | Found a runed translucent gate.
  7795 | D:8      | Found a runed translucent gate.
  7818 | D:8      | Reached skill level 1 in Invocations
  7876 | D:8      | Killed ThereIsNoGod's ghost
  7899 | D:8      | Got the ring "Ukkeumawk" {Fire}
  7926 | D:8      | Identified the ring "Ukkeumawk" {Fire rN++ Dex+3} (You
                  | found it on level 8 of the Dungeon)
  7939 | D:8      | Found a glowing golden altar of the Shining One.
  8333 | D:9      | Reached skill level 10 in Fighting
  8372 | D:9      | Noticed Maurice
  8655 | D:9      | Found a staircase to the Lair.
  8702 | D:9      | Found Plog's Weapon Shoppe.
  9185 | D:9      | Killed Maurice
  9288 | D:9      | Noticed a two-headed ogre
  9302 | D:9      | Killed a two-headed ogre
  9302 | D:9      | Reached XP level 11. HP: 29/72 MP: 10/13
  9549 | D:10     | Entered Level 10 of the Dungeon
  9575 | D:10     | Reached ***** piety under Okawaru
  9621 | D:10     | Reached skill level 10 in Maces & Flails
  9804 | D:10     | Found a staircase to the Orcish Mines.
  9804 | D:10     | Noticed Erica
  9831 | D:10     | Killed Erica
 10046 | D:10     | Received a gift from Okawaru
 10322 | D:10     | Noticed Erolcha
 10332 | D:10     | Paralysed by Erolcha for 7 turns
 10350 | D:10     | Killed Erolcha
 10968 | D:11     | Noticed a cyclops
 10973 | D:11     | Reached skill level 5 in Invocations
 10981 | D:11     | Killed a cyclops
 11025 | D:11     | Found Oruqown's Jewellery Shoppe.
 11070 | D:11     | Bought an uncursed amulet of regeneration for 420 gold
                  | pieces
 11085 | D:11     | Found a gate leading to a gauntlet.
 11098 | Gauntlet | Entered a Gauntlet
 11098 | Gauntlet | Found a transporter.
 11098 | Gauntlet | Found a transporter.
 11108 | Gauntlet | Found a transporter.
 11112 | Gauntlet | Found a transporter.
 11121 | Gauntlet | Noticed a sixfirhy
 11123 | Gauntlet | Found a transporter.
 11124 | Gauntlet | Found a transporter.
 11127 | Gauntlet | Noticed a hell hog
 11133 | Gauntlet | Found a transporter.
 11148 | Gauntlet | Found a transporter.
 11150 | Gauntlet | Noticed a reaper
 11162 | Gauntlet | Found a transporter.
 11166 | Gauntlet | Found a transporter.
 11166 | Gauntlet | Noticed a moth of wrath
 11174 | Gauntlet | Found a transporter.
 11178 | Gauntlet | Found a transporter.
 11255 | Gauntlet | Got a vibrating pewter ring
 11305 | Gauntlet | Killed a sixfirhy
 11376 | Gauntlet | Killed a reaper
 11376 | Gauntlet | Reached XP level 12. HP: 16/80 MP: 1/16
 11382 | Gauntlet | Received a gift from Okawaru
 11385 | Gauntlet | Identified the +3 eveningstar "Bargh" {freeze, rF++ SInv}
                  | (Okawaru gifted it to you in a Gauntlet)
 11386 | Gauntlet | Identified the ring "Joiq" {Fire rElec rN+++ Int-5 Dex-5}
                  | (You found it in a Gauntlet)
 11395 | Gauntlet | Got a coiled copper ring
 11402 | Gauntlet | Identified the ring "Qufuqoic" {Fire -Tele rN+++ Dex+5
                  | Stlth-} (You found it in a Gauntlet)
 11520 | Gauntlet | Identified the +5 broad axe "Jixi" {chop, rPois rC+ rN+}
 11520 | Gauntlet | Noticed a minotaur
 11531 | Gauntlet | Killed a minotaur
 12241 | D:12     | Noticed a two-headed ogre
 12245 | D:12     | Killed a two-headed ogre
 12431 | D:12     | Reached skill level 10 in Shields
 12912 | D:12     | Reached ****** piety under Okawaru
 12912 | D:12     | Received a gift from Okawaru
 12946 | D:12     | Reached skill level 10 in Armour
 13103 | Lair:1   | Entered Level 1 of the Lair of Beasts
 13525 | Lair:1   | Reached XP level 13. HP: 85/85 MP: 18/18
 14112 | Lair:2   | Received a gift from Okawaru
 15394 | Lair:3   | Found a staircase to the Shoals.
 15407 | Lair:3   | Received a gift from Okawaru
 15825 | Lair:4   | Received a gift from Okawaru
 15879 | Lair:4   | Found a hole to the Spider Nest.
 16551 | Lair:5   | Found a staircase to the Slime Pits.
 16686 | Lair:5   | Reached skill level 1 in Evocations
 16803 | Lair:5   | Noticed Urug
 16815 | Lair:5   | Killed Urug
 16815 | Lair:5   | Gained mutation: Your large and strong wings let you fly
                  | indefinitely. [Gargoyle growth]
 16815 | Lair:5   | Reached XP level 14. HP: 73/92 MP: 20/20
 17614 | Lair:6   | Entered Level 6 of the Lair of Beasts
 18168 | Lair:6   | Received a gift from Okawaru
 18222 | Lair:6   | Found a large runed translucent door.
 18222 | Lair:6   | Found a large runed translucent door.
 18280 | Lair:6   | Found the +8 trident of the Octopus King {venom, rElec
                  | rPois MR+}
 18946 | Orc:1    | Entered Level 1 of the Orcish Mines
 19155 | Orc:1    | Found a roughly hewn altar of Beogh.
 19306 | Orc:2    | Entered Level 2 of the Orcish Mines
 19505 | Orc:2    | Noticed Josephine
 19526 | Orc:2    | Killed Josephine
 19906 | Orc:2    | Found a roughly hewn altar of Beogh.
 19939 | Orc:2    | Received a gift from Okawaru
 20023 | Orc:2    | Found Huapsos's General Store.
 20092 | Orc:2    | Got a pair of transparent boots {god gift}
 20102 | Orc:2    | Identified the +0 pair of boots of Subjectivity {rF+ Regen+
                  | Int+4} (Okawaru gifted it to you on level 2 of the Orcish
                  | Mines)
 20122 | Orc:2    | Found Gidd's Assorted Antiques.
 20500 | Orc:2    | Found a staircase to the Elven Halls.
 20696 | Orc:2    | Noticed an orc warlord
 20722 | Orc:2    | Killed an orc warlord
 20722 | Orc:2    | Reached skill level 5 in Evocations
 20722 | Orc:2    | Reached XP level 15. HP: 39/100 MP: 15/21
 20835 | Orc:2    | Found a roughly hewn altar of Beogh.
 21008 | Orc:2    | Found Houluif's Assorted Antiques.
 21048 | Orc:2    | Found Xunod's Distillery.
 21406 | Orc:2    | Bought a potion of agility for 48 gold pieces
 21406 | Orc:2    | Bought a potion of lignification for 36 gold pieces
 21406 | Orc:2    | Bought a potion of agility for 48 gold pieces
 21406 | Orc:2    | Bought a potion of resistance for 120 gold pieces
 21406 | Orc:2    | Bought a potion of curing for 36 gold pieces
 21406 | Orc:2    | Bought a potion of heal wounds for 60 gold pieces
 21406 | Orc:2    | Bought a potion of might for 48 gold pieces
 21406 | Orc:2    | Bought 2 potions of mutation for 192 gold pieces
 21406 | Orc:2    | Bought a potion of haste for 120 gold pieces
 21406 | Orc:2    | Bought a potion of heal wounds for 60 gold pieces
 21406 | Orc:2    | Bought a potion of haste for 120 gold pieces
 21406 | Orc:2    | Bought a potion of resistance for 120 gold pieces
 21406 | Orc:2    | Bought a potion of might for 48 gold pieces
 21465 | Orc:2    | Bought a pair of brightly glowing boots for 237 gold pieces
 21475 | Orc:2    | Identified the cursed -1 pair of boots "Rausoax" {Slay+3}
                  | (You bought it in a shop on level 2 of the Orcish Mines)
 21956 | D:13     | Found a frozen archway.
 21963 | D:13     | Received a gift from Okawaru
 21975 | D:13     | Got a pair of warped gloves {god gift}
 21985 | D:13     | Identified the -4 pair of gloves of the Centipede {Int+4}
                  | (Okawaru gifted it to you on level 13 of the Dungeon)
 22004 | IceCv    | Entered an ice cave
 22473 | IceCv    | Noticed a frost giant
 22504 | IceCv    | Killed from afar by a frost giant

Levels and vault maps discovered:
D:1:      evilmike_arrival_sounds_zot, layout_loops_ring
D:2:      layout_basic, first_ration, interstate_on_off, dk_noncrumbling_4
D:3:      layout_loops_ring, ebering_ghost_reflecting_pool, corner_web_ring,
          uniq_ijyb, uniq_jessica
D:4:      layout_loops_ring, uniq_natasha
D:5:      layout_gridville, minmay_temple_entry_stoned_glass
D:6:      layout_basic, nicolae_qazlal_general_emergency, kennysheep_mini_moat,
          minmay_door_square
D:7:      layout_gridville, serial_shops, shop, nicolae_gozag_zags_fifth_avenue,
          uniq_harold, uniq_pikel
D:8:      layout_loops_cross, gammafunk_ghost_icy, nicolae_tso_besieged_by_evil
D:9:      layout_loops_ring, lair_entry_dummy, serial_shops, shop, uniq_maurice
D:10:     layout_loops_ring, zombieorc1_lemuel, hangedman_fish_farm,
          uniq_erolcha, uniq_erica
D:11:     layout_basic, gauntlet_entry_generic, serial_shops, shop
D:12:     layout_roguey
D:13:     layout_loops_ring, portal_ice_cave_demonic_guard, st_stairs_12,
          minmay_tree_intersection
Temple:   regret_index_temple_chain_breaker
Lair:1:   layout_regular_city, lemuel_fruit_fields
Lair:2:   layout_regular_city, beast_lair_carwin_10
Lair:3:   layout_chaotic_city, elwin_shoals_entry_rooms, serial_rivers,
          chequers_serial_rivers_micro_a, chequers_serial_rivers_small_a,
          chequers_serial_rivers_micro_d, chequers_serial_rivers_large_b,
          hangedman_lair_generics_rect, serial_bayou_shore_b
Lair:4:   layout_regular_city, spider_nest_entry_webs
Lair:5:   pond_and_an_island_with_a_cottage, layout_cave_pods, slime_dummy,
          lemuel_fruit_fields, uniq_urug
Lair:6:   cheibrodos_lair_end_hotspot, layout_cave_pods
Orc:1:    layout_diamond_mine, basic_altar, lemuel_statue_altar
Orc:2:    pubby_orc_utopia, serial_shops, uniq_josephine
IceCv:    ice_cave_caverns_03

Skill      XL: |  1  2  3  4  5  6  7  8  9 10 11 12 13 14 15 |
---------------+----------------------------------------------+-----
Fighting       | 4 5 6 7 9 10 11 12 13 14 | 14.2
Maces & Flails | 3 4 5 6 8 9 11 12 13 14 | 14.0
Shields        | 4 5 7 8 9 10 11 12 13 | 13.0
Armour         | 4 5 6 8 9 10 11 12 | 12.9
Invocations    | 3 5 7 8 |  8.0
Evocations     | 1 5 6 |  6.1

Action                   |  1- 3 |  4- 6 |  7- 9 | 10-12 | 13-15 || total
-------------------------+-------+-------+-------+-------+-------++-------
Melee: Flail             |   147 |   268 |   415 |   540 |       ||  1370
       Unarmed           |       |       |       |    26 |       ||    26
       Eveningstar       |       |       |       |   252 |  1242 ||  1494
Invok: Heroism           |       |       |     3 |    15 |    13 ||    31
       Finesse           |       |       |       |     2 |     5 ||     7
 Abil: Fly               |       |       |       |       |     1 ||     1
  Use: Potion            |       |     1 |       |     2 |     2 ||     5
       Scroll            |       |       |     2 |    12 |    10 ||    24
 Stab: Distracted        |       |       |       |       |     2 ||     2
  Eat: Chunk             |     2 |     9 |     8 |    21 |    30 ||    70
       Ration            |       |       |     1 |       |       ||     1
Armor: Scale mail        |    75 |   143 |   247 |   265 |       ||   730
       Chain mail        |       |       |       |   141 |   640 ||   781
Dodge: Dodged            |    41 |    79 |   111 |   207 |   306 ||   744
Block: Shield            |    83 |   137 |   201 |   448 |   790 ||  1659
